 Dungeon Crawl Stone Soup version 0.27.0-1-g7a089689b8 (webtiles) character file.

Game seed: 4015727608314664873

190 MajorAdolf the Sneak (level 5, -4/44 HPs)
             Began as a Naga Wanderer on Aug 10, 2021.
             Slain by an orc warrior (18 damage)
             ... on level 4 of the Dungeon.
             The game lasted 00:08:59 (6100 turns).

MajorAdolf the Sneak (Naga Wanderer)                Turns: 6100, Time: 00:09:00

Health: -4/44      AC:  2    Str: 15    XL:     5   Next: 69%
Magic:  0/8        EV:  9    Int: 12    God:
Gold:   98         SH:  0    Dex: 11    Spells: 6/9 levels left

rFire    . . .     SeeInvis +   k - staff of conjuration
rCold    . . .     Faith    .   (no shield)
rNeg     . . .     Spirit   .   c - +0 robe
rPois    +         Reflect  .   (no helmet)
rElec    .         Harm     .   (no cloak)
rCorr    .         Rampage  .   (no gloves)
Will     .....                  (no barding)
Stlth    +++.......             (no amulet)
HPRegen  0.14/turn              (no ring)
MPRegen  0.11/turn              (no ring)

@: very slow
A: AC +1, large, see invisible, deformed body, poison resistance, slowness 2,
spit poison 1, naga tail 1
a: Spit Poison


You were on level 4 of the Dungeon.
You visited 1 branch of the dungeon, and saw 4 of its levels.

You collected 98 gold pieces.

Inventory:

Hand Weapons
 g - a +1 spear of freezing
Armour
 c - a +0 robe (worn)
Magical Staves
 k - a staff of conjuration (weapon)
 n - a staff of earth
Scrolls
 h - a scroll of fog {unknown}
 i - a scroll of silence
 l - 3 scrolls of magic mapping {unknown}
 m - a scroll of amnesia {unknown}
 o - a scroll of identify
Potions
 a - 2 potions of curing {unknown}
 b - 2 potions of lignification
 d - a potion of haste {unknown}
 e - a potion of berserk rage {unknown}
 f - a potion of heal wounds {unknown}
 j - 2 potions of might {unknown}
 p - a potion of brilliance {unknown}


   Skills:
 + Level 1.0 Fighting
 - Level 1.0 Long Blades
 - Level 1.5 Dodging
 + Level 5.0 Stealth
 - Level 1.5 Shields
 + Level 2.5 Spellcasting
 + Level 3.6 Conjurations
 - Level 1.0 Transmutations


You had 6 spell levels left.
You knew the following spells:

 Your Spells              Type           Power      Damage    Failure   Level
a - Magic Dart            Conj           60%        1d6       6%          1
b - Searing Ray           Conj           30%        3d4       9%          2

Your spell library contained the following spells:

 Spells                   Type           Power      Damage    Failure   Level
 Dazzling Flash           Conj/Hex       16%        N/A       36%         3
 Fulminant Prism          Conj/Hex       4%         3d6       77%         4
 Iskenderun's Mystic Bla  Conj/Tloc      8%         2d4       77%         4


Dungeon Overview and Level Annotations

Branches:
Dungeon (4/15)
 Temple: D:4-7

Altars:

Annotations:
D:3 Robin


Innate Abilities, Weirdness & Mutations

Your serpentine skin is tough. (AC +1)
You have supernaturally acute eyesight. (SInv)
Armour fits poorly on your strangely shaped body.
Your system is resistant to poisons. (rPois)
You cover ground very slowly.
You can spit poison.
You have a snake-like lower body.


Message History

Casting: Magic Dart (safe; 6% risk of failure)
Confirm with . or Enter, or press ? or * to list all spells.
Aiming: Searing Ray (safe; 9% risk of failure)
Press: ? - help, Shift-Dir - straight line You feel a surge of power!
The searing ray hits the orc warrior.
The orc warrior is moderately wounded.
The searing ray hits the orc!
You kill the orc! (Press . to maintain the ray.)
The orc warrior barely misses you.
The searing ray hits the orc warrior but does no damage.
The orc warrior is moderately wounded.
The searing ray hits the orc.
The orc is severely wounded.
The orc warrior barely misses you.
The searing ray hits the orc warrior.
The orc warrior is moderately wounded.
The searing ray hits the orc.
You kill the orc!
The orc warrior closely misses you.
The searing ray hits the orc warrior!
The orc warrior is severely wounded.
You finish channeling your searing ray.
The orc warrior hits you but does no damage.
Casting: Searing Ray (safe; 9% risk of failure)
Confirm with . or Enter, or press ? or * to list all spells.
Aiming: Searing Ray (safe; 9% risk of failure)
Press: ? - help, Shift-Dir - straight line You feel a surge of power!
The searing ray misses the orc warrior. (Press . to maintain the ray.)
The orc warrior hits you from afar with a +0 vampiric trident!
The searing ray misses the orc warrior.
The orc warrior hits you from afar with a +0 vampiric trident!
The orc warrior draws strength from your wounds!
Unknown command.
Okay, then.
Okay, then.
The orc warrior closely misses you.
The orc warrior hits you with a +0 vampiric trident!!
You die...

.#.#####...### #.# .#.#
#...# #.# .#.#
############.# .#.#
#........# ...#
####.######## .#.#
#.......# #..# #[##.##.#
##.## ###.##.##.#######
##.# #.........@o)..<#
##..###.#.##.##.#####...
#.......#.##.##.#
......###.......#
........####.####
......#.# .....##.#
....## . ##.## ##


You could see an orc warrior.

Vanquished Creatures
  An orc priest (D:4)
  5 adders
  2 worms
  5 dart slugs
  10 orcs
  8 endoplasms
  3 giant cockroaches
  5 hobgoblins
  15 jackals
  4 quokkas
  5 ball pythons
  3 bats
  4 frilled lizards
  7 goblins
  4 kobolds
  5 rats
86 creatures vanquished.

Notes
Turn   | Place    | Note
-------+----------+-------------------------------------------
     0 | D:1      | MajorAdolf the Naga Wanderer began the quest for the Orb.
     0 | D:1      | MajorAdolf set off with the following items: a +0 spear, a
                  | potion of lignification, a +0 robe; and the following spell
                  | memorised: Magic Dart; and the following spells available
                  | to memorise: Searing Ray, Dazzling Flash, Fulminant Prism,
                  | Iskenderun's Mystic Blast
     0 | D:1      | Reached XP level 1. HP: 18/18 MP: 1/1
   199 | D:1      | Reached skill level 2 in Stealth
   276 | D:1      | Reached XP level 2. HP: 14/25 MP: 0/2
  1076 | D:1      | Found a faded altar of an unknown god.
  1084 | D:1      | Reached skill level 1 in Spellcasting
  1222 | D:1      | Reached XP level 3. HP: 31/31 MP: 0/4
  1297 | D:1      | Reached skill level 3 in Stealth
  1454 | D:1      | Learned a level 2 spell: Searing Ray
  2821 | D:3      | Noticed Robin
  2825 | D:3      | Reached XP level 4. HP: 37/38 MP: 3/6
  3651 | D:3      | Reached skill level 4 in Stealth
  4178 | D:3      | Reached XP level 5. HP: 44/44 MP: 5/8
  5982 | D:4      | Reached skill level 5 in Stealth
  6092 | D:4      | Noticed an orc warrior
  6100 | D:4      | Slain by an orc warrior

Illustrated notes

Levels and vault maps discovered:
D:1:      lightli_arrival_flooded_house, layout_rooms,
          ebering_ecumenical_altar_mist
D:2:      layout_rooms, ebering_dispersal_statue_hall
D:3:      layout_basic, uniq_robin
D:4:      layout_loops_ring, eino_curves_03, kennysheep_generic_room_7

Skill      XL: |  1  2  3  4  5 |
---------------+----------------+-----
Stealth        | 2 3 4 5 |  5.0
Spellcasting   | 1 2 |  2.5
Conjurations   | 3 |  3.6
Fighting       | |  1.0
Long Blades    | |  1.0
Dodging        | |  1.5
Shields        | |  1.5
Transmutations | |  1.0

Action                   |  1- 3 |  4- 6 || total
-------------------------+-------+-------++-------
Melee: Spear             |    70 |       ||    70
       Staff             |       |    33 ||    33
 Cast: Magic Dart        |    44 |    88 ||   132
       Searing Ray       |     1 |     7 ||     8
 Abil: Spit Poison       |    15 |    10 ||    25
  Use: Scroll            |       |     2 ||     2
 Stab: Sleeping          |     3 |       ||     3
Armor: Robe              |    11 |    12 ||    23
Dodge: Dodged            |    36 |    44 ||    80
